 Dungeon Crawl Stone Soup version 0.32-a0-593-g85ff8e36a1 (webtiles) character file.

Game seed: 5895296747776878807

49 jimonade the Shooter (level 3, 0/28 HPs)
             Began as a Barachi Hunter on Mar 2, 2024.
             Slain by a bat (1 damage)
             ... on level 2 of the Dungeon.
             The game lasted 00:02:04 (863 turns).

jimonade the Shooter (Barachi Hunter)                Turns: 863, Time: 00:02:05

Health: 0/28       AC:  3    Str: 12    XL:     3   Next: 75%
Magic:  3/3        EV:  2    Int:  9    God:
Gold:   24         SH:  0    Dex: 17    Spells: 2/2 levels left

rFire   . . .        a - +1 short sword (elec)
rCold   . . .        (no shield)
rNeg    . . .        c - +0 leather armour
rPois   .            (no helmet)
rElec   .            (no cloak)
rCorr   .            (no gloves)
SInv    .            (no boots)
Will    .....        (no amulet)
Stlth   ++           (no ring)
HPRegen 0.24/turn    (no ring)
MPRegen 0.08/turn

%: no passive effects
@: lethally poisoned (0 -> -4), constricted, slow
A: amphibious, slowness 1, strong legs 1, +LOS
a: Hop


You were on level 2 of the Dungeon.
You visited 1 branch of the dungeon, and saw 2 of its levels.

You collected 24 gold pieces.

Inventory:

Hand Weapons
 a - a +1 short sword of electrocution (weapon)
 b - a +0 shortbow
Armour
 c - a +0 leather armour (worn)
Scrolls
 d - a scroll of identify {unknown}
 f - a scroll of amnesia {unknown}
 h - a scroll of butterflies
Potions
 e - a potion of brilliance {unknown}
 g - a potion of enlightenment {unknown}
 i - a potion of mutation {unknown}


   Skills:
 - Level 2.4 Fighting
 + Level 5.3 Ranged Weapons
 - Level 2.1 Dodging
 - Level 0.8 Stealth


You had 2 spell levels left.
You didn't know any spells.
Your spell library was empty.

Dungeon Overview and Level Annotations

Branches:
Dungeon (2/15) Zot: 10986

Altars:

Shops:
D:1 [


Innate Abilities, Weirdness & Mutations

You are amphibious.
You cover ground slowly.
You can hop short distances.
You have an extended range of vision and can be seen from far away.


Message History

An adder comes into view.
Found a robe.
You shoot an arrow. The arrow hits the adder.
The adder hisses angrily.
The adder is heavily wounded.
You shoot an arrow.
The arrow hits the adder but does no damage.
The adder is heavily wounded.
You shoot an arrow. The arrow closely misses the adder.
The adder bites you but does no damage.
You shoot an arrow. The arrow barely misses the adder.
The adder barely misses you. The adder completely misses you.
You shoot an arrow. The arrow hits the adder.
The adder is heavily wounded.
The adder closely misses you.
You shoot an arrow. The arrow hits the adder!
You kill the adder!
You hear the crackle of electricity.
a - a +1 short sword of electrocution (weapon)
Your +1 short sword of electrocution stops crackling.
b - a +0 shortbow (weapon)
i - a murky orange potion
Found 4 stones.
Found a stone staircase leading down.
A bat, an adder and a ball python come into view.
The ball python hisses angrily.
The ball python moves out of view.
You shoot an arrow. The adder hisses angrily.
The arrow hits the bat.
The bat is moderately wounded.
The bat closely misses you.
You shoot an arrow. The arrow closely misses the bat.
The bat closely misses you.
You shoot an arrow. The arrow hits the bat.
The bat is severely wounded.
The bat hits you but does no damage.
You shoot an arrow. The arrow barely misses the bat.
The bat barely misses you. The bat misses you.
You shoot an arrow. The arrow barely misses the bat.
The bat barely misses you. The adder closely misses you.
The ball python bites you but does no damage.
The ball python barely misses you.
You shoot an arrow. The arrow misses the adder.
The adder misses you. The bat barely misses you.
The ball python barely misses you. The ball python grabs you.
The ball python constricts you. The adder bites you.
You hear the crackle of electricity.
a - a +1 short sword of electrocution (weapon)
The bat hits you but does no damage.
The ball python bites you but does no damage.
The ball python constricts you. The adder bites you but does no damage.
You hit the adder.
The adder is lightly wounded.
The bat hits you but does no damage. The ball python bites you.
The ball python constricts you. The adder barely misses you.
You miss the adder.
The adder is lightly wounded.
The adder bites you.
The ball python bites you but does no damage.
The ball python constricts you.
You completely miss the adder.
The adder is lightly wounded.
The bat hits you but does no damage. The adder bites you.
The ball python bites you but does no damage.
The ball python constricts you. The adder bites you.
You are poisoned.
The adder poisons you!
You barely miss the adder.
The adder is lightly wounded.
You feel sick.
The ball python bites you but does no damage.
The ball python constricts you. The adder barely misses you.
The bat hits you but does no damage. The ball python completely misses you.
The ball python constricts you.
* * * LOW HITPOINT WARNING * * *
You closely miss the adder.
The adder is lightly wounded.
You feel sick. The bat hits you but does no damage. The adder bites you.
* * * LOW HITPOINT WARNING * * *
You are more poisoned.
The adder poisons you!
The ball python bites you but does no damage.
The ball python constricts you.
You hit the adder.
The adder is heavily wounded.
You feel sick. The bat completely misses you. The adder bites you.
* * * LOW HITPOINT WARNING * * *
The ball python bites you.
* * * LOW HITPOINT WARNING * * *
The ball python constricts you.
* * * LOW HITPOINT WARNING * * *
The adder bites you but does no damage.
You hit the adder.
The adder is heavily wounded.
* * * LOW HITPOINT WARNING * * *
You feel sick. The ball python bites you.
* * * LOW HITPOINT WARNING * * *
The ball python constricts you.
* * * LOW HITPOINT WARNING * * *
The adder bites you but does no damage. The bat hits you.
You die...

.... ..... .# ...
..... .>## ##.. ....
(.. #.. ... #.##.###
#.# #......###.#######
###..#.##........#
###.##...........#
#@S.#####........#
#.bS### #........#
......## ####........#
......$.
##...........#
........
##............#
........
#...........†..
........#
#..........####
........#.#..........#
........#............#


You could see an adder, a bat and a ball python.

Vanquished Creatures
  An adder (D:2)
  4 dart slugs (D:1)
  3 ball pythons
  An endoplasm (D:1)
  A giant cockroach (D:1)
  2 hobgoblins (D:1)
  2 jackals (D:1)
  2 quokkas (D:1)
  3 bats
  A frilled lizard (D:1)
  5 kobolds (D:1)
  5 rats (D:1)
30 creatures vanquished.

Notes
Turn   | Place    | Note
-------+----------+-------------------------------------------
     0 | D:1      | jimonade the Barachi Hunter began the quest for the Orb.
     0 | D:1      | Reached XP level 1. HP: 17/17 MP: 1/1
    70 | D:1      | Reached XP level 2. HP: 23/23 MP: 2/2
   233 | D:1      | Reached XP level 3. HP: 28/28 MP: 3/3
   264 | D:1      | Reached skill level 5 in Ranged Weapons
   483 | D:1      | Found Jeuphupu's Antique Armour Shoppe.
   863 | D:2      | HP: 1/28 [constriction (1)]
   863 | D:2      | Slain by a bat

Illustrated notes

Levels and vault maps discovered:
D:1:      eino_arrival_cavern_d, layout_loops_ring, serial_shops,
          nicolae_lakefront_shop
D:2:      layout_rooms, nicolae_ecumenical_snake_handling,
          uniq_crazy_yiuf_cottage

Skill      XL: |  1  2  3 |
---------------+----------+-----
Ranged Weapons | 5 |  5.3
Fighting       | |  2.4
Dodging        | |  2.1
Stealth        | |  0.8

Action                     || total
---------------------------++-------
  Melee: Short sword       ||     7
   Fire: Shortbow          ||   108
 Armour: Leather armour    ||    65
  Dodge: Dodged            ||    54

Table legend: (Time is in decaauts)
 A = Elapsed time spent in this place.
 B = Non-inter-level travel time spent in this place.
 C = Inter-level travel time spent in this place.
 D = Time resting spent in this place.
 E = Time spent auto-exploring this place.
 F = Levels seen in this place.
 G = Mean time per level.
                   A        B        C        D        E       F      G
               +--------+--------+--------+--------+--------+-----+--------+
         Total |   1013 |    975 |     38 |      0 |    789 |   2 |  506.5 |
       Dungeon |   1013 |    975 |     38 |      0 |    789 |   2 |  506.5 |
               +--------+--------+--------+--------+--------+-----+--------+

Top non-repeatable levels by time:
     D:1: 945 daAuts
     D:2: 67 daAuts
